 Dungeon Crawl Stone Soup version 0.20-a0-839-gdaf5c57 (webtiles) character file.

1845 4thArraOfDagon the Insei (level 8, -12/62 HPs)
             Began as a Demigod Wanderer on Mar 8, 2017.
             Killed by divine providence
             ... invoked by an orc priest
              (15 damage)
             ... on level 7 of the Dungeon.
             The game lasted 00:14:32 (3961 turns).

4thArraOfDagon the Insei (Demigod Wanderer)         Turns: 3961, Time: 00:14:33

Health: -12/62     AC: 14    Str: 24      XL:     8   Next: 57%
Magic:  15/15      EV: 14    Int: 17 (18) God:
Gold:   364        SH:  0    Dex: 16 (18) Spells: 9/12 levels left

rFire    x . .     SeeInvis .     - Unarmed
rCold    + . .     Gourm    .   m - +6 scale mail of Loss {rF- Str+8}
rNeg     . . .     Faith    .   (no shield)
rPois    .         Spirit   .   (helmet restricted)
rElec    .         Reflect  .   u - scarf {rC+}
rCorr    .         Harm     .   r - +0 pair of gloves
MR       .....                  j - +0 pair of boots
Stlth    ..........             (no amulet)
Regen    0.2/turn               (no ring)
MPRegen  0.2/turn               c - +3 ring of evasion

@: no status effects
A: beak, deterioration 1, high mp 1, strong 1
a: no special abilities


You were on level 7 of the Dungeon.
You were hungry.

You visited 1 branch of the dungeon, and saw 9 of its levels.

You collected 364 gold pieces.

Inventory:

Hand Weapons
 e - a +0 dagger
 l - a +2 dagger of speed
Armour
 d - a +0 robe
 i - a +0 ring mail
 j - a +0 pair of boots (worn)
 m - the +6 scale mail of Loss (worn) {rF- Str+8}
   (You found it on level 8 of the Dungeon)

   It affects your strength (+8).
   It makes you vulnerable to fire.
 r - a +0 pair of gloves (worn)
 u - a scarf of cold resistance (worn)
Jewellery
 c - a +3 ring of evasion (left hand)
Scrolls
 g - 2 scrolls of fear
 k - a scroll of fog
 o - a scroll of magic mapping {unknown}
 t - a scroll of amnesia
 w - a scroll of torment {unknown}
 D - a scroll of enchant weapon {unknown}
Potions
 n - a potion of haste
 p - a potion of flight
 q - a potion of resistance
 s - a potion of magic {unknown}
 z - 2 potions of might {unknown}
 A - a potion of cancellation
 C - a potion of agility
 E - a potion of lignification
Books
 a - a book of Necromancy

   Spells                             Type                      Level
   a - Pain                           Necromancy                   1
   b - Animate Skeleton               Necromancy                   1
   c - Vampiric Draining              Necromancy                   3
   d - Regeneration                   Charms/Necromancy            3
   e - Animate Dead                   Necromancy                   4
   f - Control Undead                 Necromancy                   4
 b - Sif Muna's Collected Works on Execration

   Spells                             Type                      Level
   a - Confusing Touch                Hexes                        1
   b - Summon Guardian Golem          Hexes/Summoning              3
Comestibles
 f - 5 bread rations
 x - 2 meat rations


   Skills:
 + Level 2.9 Fighting
 - Level 1.0 Throwing
 - Level 1.7 Armour
 + Level 2.2 Dodging
 - Level 1.0 Stealth
 * Level 7.9 Unarmed Combat
 + Level 2.6 Spellcasting
 * Level 3.3 Charms
 * Level 4.5 Necromancy


You had 9 spell levels left.
You knew the following spells:

 Your Spells              Type           Power        Failure   Level  Hunger
a - Regeneration          Chrm/Necr      ###.......   28%         3    ###....


Dungeon Overview and Level Annotations

Branches:
Dungeon (9/15)             Temple (0/1) D:7            Lair (0/6) D:8
    Orc: D:9-12

Annotations:
D:4 exclusion: worker ant


Innate Abilities, Weirdness & Mutations

You have an increased reservoir of magic. (+10% MP)
You have a beak for a mouth.
Your body sometimes deteriorates upon taking damage.
Your muscles are strong. (Str +2)


Message History

The orc priest hits you but does no damage.
The kobold closely misses you. The orc priest hits you with a flail.
A killer bee comes into view.
Unknown command.
The killer bee buzzes angrily. x2
The kobold completely misses you.
You hear some strange, mumbled words.
A puff of flame appears from out of thin air!
The puff of flame hits you! The fire burns you terribly!
* * * LOW HITPOINT WARNING * * *
The orc priest calls down the wrath of Beogh upon you.
Beogh smites you!
* * * LOW HITPOINT WARNING * * *
The kobold misses you.
You climb upwards.
The orc warrior hits you with a hand axe.
* * * LOW HITPOINT WARNING * * *
The orc priest calls down the wrath of Beogh upon you.
Beogh smites you!
You die...

#..# #.
#..#########
#...........
##..####.###
####### #..# #.#
#...K.# #..# #.#
###'###K# ##..#
#.#
#.....#o#####.c.#
#.#
#.⌠.⌠.#@ooo..(#.#
#.#
#.._..#########.#
#.# #.⌠.⌠.#
##.####.###
#.....#
#..........
###'####
##.##...###
#.##.# ####.###
#....# #.#
#########.## #.#
#..........# #.#


You could see an orc warrior, a big kobold, a centaur (wandering), 3 orc priests
and a kobold.

Vanquished Creatures
  A hippogriff (D:7)
  An ice beast (D:5)
  A black bear (D:6)
  2 ogres
  3 phantoms
  A centaur (D:6)
  2 bullfrogs
  A wyvern skeleton (D:7)
  A scorpion (D:5)
  4 wights (D:6)
  3 crimson imps
  A hound (D:7)
  3 orc priests
  3 orc wizards
  An iguana (D:4)
  4 worker ants
  Robin (D:2)
  2 adders
  2 shadow imps (D:5)
  An ooze (D:5)
  3 worm zombies (D:5)
  An adder zombie (D:8)
  2 worms
  2 dart slugs (D:2)
  A leopard gecko (D:7)
  11 orcs
  A ball python (D:4)
  3 giant cockroaches
  17 goblins
  6 hobgoblins
  4 jackals
  2 quokkas
  2 bats
  3 frilled lizards
  A jackal skeleton (D:5)
  2 jackal zombies (D:5)
  7 kobolds
  A leopard gecko skeleton (D:8)
  6 rats
113 creatures vanquished.

Notes
Turn   | Place    | Note
-------+----------+-------------------------------------------
     0 | D:1      | 4thArraOfDagon the Demigod Wanderer began the quest for the Orb.
     0 | D:1      | 4thArraOfDagon set off with: a book of Necromancy, Sif Muna's Collected Works on Execration, a potion of lignification, a +0 robe, a +0 dagger, a bread ration
     0 | D:1      | Reached XP level 1. HP: 16/16 MP: 5/5
     0 | D:1      | Identified Sif Muna's Collected Works on Execration
   113 | D:2      | Noticed Robin
   350 | D:2      | Reached skill level 1 in Unarmed Combat
   447 | D:3      | Reached XP level 2. HP: 17/23 MP: 7/7
   599 | D:3      | Reached skill level 2 in Unarmed Combat
   866 | D:4      | Noticed an ogre
  1020 | D:3      | Reached XP level 3. HP: 24/28 MP: 8/8
  1136 | D:3      | Reached skill level 3 in Unarmed Combat
  1146 | D:3      | Reached XP level 4. HP: 15/35 MP: 9/9
  1303 | D:4      | Gained mutation: Your muscles are strong. (Str +2) [potion of mutation]
  1303 | D:4      | Gained mutation: Your body sometimes deteriorates upon taking damage. [potion of mutation]
  1303 | D:4      | Gained mutation: You have a beak for a mouth. [potion of mutation]
  1364 | D:4      | Noticed an ogre
  1364 | D:4      | Noticed a phantom
  1373 | D:5      | Entered Level 5 of the Dungeon
  1573 | D:7      | Found a deep blue altar of Sif Muna.
  1692 | D:8      | Found a staircase to the Lair.
  1806 | D:8      | Reached skill level 4 in Unarmed Combat
  1848 | D:8      | Reached XP level 5. HP: 19/40 MP: 10/10
  2053 | D:7      | RIP
  2064 | D:7      | Reached skill level 5 in Unarmed Combat
  2095 | D:7      | Noticed an ice beast
  2135 | D:8      | Got an ancient scale mail
  2154 | D:8      | Identified the +6 scale mail of Loss {rF- Str+8} (You found it on level 8 of the Dungeon)
  2155 | D:9      | Noticed a yak
  2155 | D:9      | Noticed a yak
  2155 | D:9      | Noticed a yak
  2157 | D:9      | Noticed a yak
  2184 | D:7      | Found a staircase to the Ecumenical Temple.
  2186 | D:7      | Noticed an ogre
  2194 | D:7      | Killed an ogre
  2194 | D:7      | Reached XP level 6. HP: 46/47 MP: 11/11
  2264 | D:7      | Reached skill level 6 in Unarmed Combat
  2500 | D:7      | Noticed a hippogriff
  2514 | D:7      | Killed a hippogriff
  2514 | D:7      | Reached skill level 7 in Unarmed Combat
  2514 | D:7      | Reached XP level 7. HP: 36/52 MP: 12/12
  2527 | D:7      | Learned a level 3 spell: Regeneration
  2618 | D:6      | Reached skill level 1 in Charms
  2637 | D:6      | Reached skill level 1 in Dodging
  2875 | D:6      | Reached XP level 8. HP: 60/61 MP: 14/14
  3563 | D:2      | Killed Robin
  3961 | D:7      | HP: 3/62 [orc warrior/hand axe (2)]
  3961 | D:7      | Killed from afar by an orc priest

Vault maps used:
D:1:      saegor_arrival_simple_a
D:2:      serial_bayou_ford_a, minmay_misc_feat_nine_boxes, nrook_mini_vaults,
          minmay_unequal, uniq_robin
D:3:      cheibrodos_greedy_goblins
D:4:      first_bread
D:5:      enter_ossuary_3
D:7:      kennysheep_little_box, minmay_temple_entry_grid
D:8:      lair_entry_dummy, serial_shops, shop
D:9:      the_bakery, uniq_erica

Skill      XL: |  1  2  3  4  5  6  7  8 |
---------------+-------------------------+-----
Unarmed Combat | 1 2 3 4 5 7 |  7.9
Spellcasting   | 2 |  2.6
Charms         | 2 3 |  3.3
Necromancy     | 3 4 |  4.5
Fighting       | 2 |  2.9
Dodging        | 1 2 |  2.2
Throwing       | |  1.0
Armour         | |  1.7
Stealth        | |  1.0

Action                   |  1- 3 |  4- 6 |  7- 9 || total
-------------------------+-------+-------+-------++-------
Melee: Dagger            |   127 |       |       ||   127
       Unarmed           |    29 |   181 |   193 ||   403
       Punch             |     2 |     3 |    18 ||    23
       Peck              |       |    34 |    61 ||    95
Throw: Stone             |       |     1 |       ||     1
  Use: Potion            |     2 |    10 |     1 ||    13
       Scroll            |       |     9 |     3 ||    12
 Stab: Sleeping          |     1 |       |       ||     1
  Eat: Fruit             |       |     4 |       ||     4
       Chunk             |       |     2 |     2 ||     4
       Royal jelly       |       |       |     1 ||     1
Armor: Ring mail         |    26 |    36 |       ||    62
       Robe              |     2 |       |       ||     2
       Skin              |    11 |       |       ||    11
       Scale mail        |       |    17 |    74 ||    91
Dodge: Dodged            |    56 |   108 |    88 ||   252
